| TOP OF THE 1ST |
|
South Bend Cubs batting - Pitching for West Virginia Power : RHP Jerry Spitler
|
|
Pitching: RHP Jerry Spitler
|
|
|
Batting: RHB Dan Orozco
|
0-0: Called Strike 0-1: Swinging Strike 0-2: Ball 1-2: Ball 2-2: Strikes out swinging
|
|
Batting: RHB David Bousfield
|
0-0: Ball 1-0: Called Strike 1-1: Foul Ball, location: 2F 1-2: Hit by Pitch
|
|
Batting: RHB Erik Smith
|
0-0: Swinging Strike 0-1: Ball 1-1: Foul Ball, location: 2F 1-2: Ball 2-2: Strikes out swinging David Bousfield is caught stealing 2nd base 2-4 Batter strikes out.
|
| Top of the 1st over - 0 runs, 0 hits, 0 errors, 0 left on base; South Bend 0 - West Virginia 0 |
| BOTTOM OF THE 1ST |
|
West Virginia Power batting - Pitching for South Bend Cubs : RHP Scott Hanson
|
|
Pitching: RHP Scott Hanson
|
|
|
Batting: RHB Hidesuke Yoshida
|
0-0: Foul Ball, location: 2F 0-1: Foul Ball, location: 2F 0-2: Ball 1-2: SINGLE (Groundball, 4M, EV 100.6 MPH) (infield hit)
|
|
Batting: SHB Don Hauk
|
0-0: Ball 1-0: Called Strike 1-1: Called Strike 1-2: Reached on error, E5 (Groundball, 56S, EV 81.9 MPH) Hidesuke Yoshida to second
|
|
Batting: RHB Rusty Trader
|
0-0: Fielders Choice at 2nd, 5-4 (Groundball, 5, EV 77.5 MPH) Hidesuke Yoshida to third
|
|
Batting: LHB Norm Silveira-Wray
|
0-0: Swinging Strike 0-1: Fly out, F9 (Flyball, 89S, EV 93.8 MPH)
|
|
Batting: SHB Rob Haney
|
0-0: Ball 1-0: Called Strike 1-1: Ball 2-1: Ball 3-1: Called Strike 3-2: Strikes out swinging
|
| Bottom of the 1st over - 0 runs, 1 hit, 1 error, 2 left on base; South Bend 0 - West Virginia 0 |
| TOP OF THE 2ND |
|
South Bend Cubs batting - Pitching for West Virginia Power : RHP Jerry Spitler
|
|
Batting: RHB Mike Stein
|
0-0: Ball 1-0: Called Strike 1-1: Ball 2-1: Ball 3-1: Foul Ball, location: 2F 3-2: Base on Balls
|
|
Batting: RHB Josh Burns
|
0-0: Ball 1-0: Ball 2-0: Foul Ball, location: 2F 2-1: Swinging Strike 2-2: Fielders Choice at 2nd, 6-4 (Groundball, 6, EV 103.8 MPH)
|
|
Batting: RHB Dave de Wolff
|
0-0: Called Strike 0-1: Called Strike Josh Burns steals 2nd base 0-2: Foul Ball, location: 2F 0-2: Foul Ball, location: 2F 0-2: Ground out 5-3 (Groundball, 5S, EV 72.5 MPH) Josh Burns to third
|
|
Batting: RHB Ryan Bush
|
0-0: Called Strike 0-1: Ball 1-1: SINGLE (Groundball, 6S, EV 70.6 MPH) (infield hit) Josh Burns scores
|
|
Batting: RHB Victor Ramirez
|
0-0: Called Strike 0-1: Ball 1-1: Ball 2-1: Ground out 2-3 (Groundball, 2R, EV 66.9 MPH)
|
| Top of the 2nd over - 1 run, 1 hit, 0 errors, 1 left on base; South Bend 1 - West Virginia 0 |
| BOTTOM OF THE 2ND |
|
West Virginia Power batting - Pitching for South Bend Cubs : RHP Scott Hanson
|
|
Batting: RHB Ryan LeSueur
|
0-0: Called Strike 0-1: Ball 1-1: Foul Ball, location: 2F 1-2: Ground out 6-3 (Groundball, 6, EV 83.1 MPH)
|
|
Batting: RHB Jaime Dubicki
|
0-0: Ball 1-0: Ground out 5-3 (Groundball, 56S, EV 90.0 MPH)
|
|
Batting: RHB Chris Arroyo
|
0-0: Called Strike 0-1: Ball 1-1: Called Strike 1-2: Ball 2-2: Strikes out swinging
|
| Bottom of the 2nd over - 0 runs, 0 hits, 0 errors, 0 left on base; South Bend 1 - West Virginia 0 |
| TOP OF THE 3RD |
|
South Bend Cubs batting - Pitching for West Virginia Power : RHP Jerry Spitler
|
|
Batting: RHB Gilberto Alvarado
|
0-0: Ball 1-0: SINGLE (Line Drive, 5D, EV 98.1 MPH)
|
|
Batting: RHB Dan Orozco
|
0-0: Ball 1-0: Ball 2-0: Called Strike 2-1: Ball 3-1: Foul Ball, location: 2F 3-2: Strikes out swinging
|
|
Batting: RHB David Bousfield
|
0-0: Foul Ball, location: 2F 0-1: Ball Gilberto Alvarado steals 2nd base 1-1: Ball 2-1: Ball 3-1: Foul Ball, location: 2F 3-2: Foul Ball, location: 2F 3-2: Strikes out looking
|
|
Batting: RHB Erik Smith
|
0-0: Ball 1-0: Called Strike 1-1: Called Strike 1-2: Strikes out swinging
|
| Top of the 3rd over - 0 runs, 1 hit, 0 errors, 1 left on base; South Bend 1 - West Virginia 0 |
| BOTTOM OF THE 3RD |
|
West Virginia Power batting - Pitching for South Bend Cubs : RHP Scott Hanson
|
|
Batting: LHB Jim Weidman
|
0-0: Called Strike 0-1: Called Strike 0-2: Ball 1-2: Ground out 5-3 (Groundball, 5, EV 85.6 MPH)
|
|
Batting: RHB Hidesuke Yoshida
|
0-0: Ground out 3-1 (Groundball, 13, EV 87.5 MPH)
|
|
Batting: SHB Don Hauk
|
0-0: Ball 1-0: Ball 2-0: Ball 3-0: Foul Ball, location: 2F 3-1: SINGLE (Groundball, 4MD, EV 95.6 MPH)
|
|
Batting: RHB Rusty Trader
|
0-0: Ball Don Hauk steals 2nd base 1-0: Ball 2-0: Foul Ball, location: 2F 2-1: Called Strike 2-2: Foul Ball, location: 2F 2-2: Ball 3-2: Foul Ball, location: 2F 3-2: Strikes out swinging
|
| Bottom of the 3rd over - 0 runs, 1 hit, 0 errors, 1 left on base; South Bend 1 - West Virginia 0 |
| TOP OF THE 4TH |
|
South Bend Cubs batting - Pitching for West Virginia Power : RHP Jerry Spitler
|
|
Batting: RHB Mike Stein
|
0-0: Called Strike 0-1: Called Strike 0-2: Ball 1-2: Foul Ball, location: 2F 1-2: Ground out 5-3 (Groundball, 56D, EV 81.2 MPH)
|
|
Batting: RHB Josh Burns
|
0-0: Ball 1-0: Ball 2-0: Ball 3-0: Base on Balls
|
|
Batting: RHB Dave de Wolff
|
0-0: Foul Ball, location: 2F 0-1: Called Strike 0-2: Ball 1-2: Ball 2-2: Fielders Choice at 2nd, 3-6 (Groundball, 3, EV 104.4 MPH)
|
|
Batting: RHB Ryan Bush
|
0-0: Ball 1-0: Swinging Strike 1-1: Ball 2-1: Ball Dave de Wolff steals 2nd base 3-1: Foul Ball, location: 2F 3-2: TRIPLE (Flyball, 7LD, EV 108.1 MPH) Dave de Wolff scores
|
|
Batting: RHB Victor Ramirez
|
0-0: SINGLE (Line Drive, 7S, EV 102.5 MPH) Ryan Bush scores
|
|
Batting: RHB Gilberto Alvarado
|
0-0: Ball 1-0: Ground out U3 (Groundball, 34, EV 79.4 MPH)
|
| Top of the 4th over - 2 runs, 2 hits, 0 errors, 1 left on base; South Bend 3 - West Virginia 0 |
| BOTTOM OF THE 4TH |
|
West Virginia Power batting - Pitching for South Bend Cubs : RHP Scott Hanson
|
|
Batting: LHB Norm Silveira-Wray
|
0-0: Ball 1-0: Called Strike 1-1: Ball 2-1: Foul Ball, location: 2F 2-2: Foul Ball, location: 2F 2-2: SINGLE (Groundball, 56, EV 103.8 MPH)
|
|
Batting: SHB Rob Haney
|
0-0: SINGLE (Line Drive, 8RS, EV 105.0 MPH) Norm Silveira-Wray to second
|
|
Pitching: RHP Steve Vint
|
|
|
Batting: RHB Ryan LeSueur
|
0-0: Called Strike 0-1: Ball 1-1: Swinging Strike 1-2: Ball 2-2: Ball 3-2: Foul Ball, location: 2F 3-2: Fielders Choice at 2nd, 3-6 (Groundball, 34S, EV 84.4 MPH) Norm Silveira-Wray to third
|
|
Batting: RHB Jaime Dubicki
|
0-0: Called Strike 0-1: Called Strike 0-2: Ball 1-2: Ball 2-2: Ball 3-2: SINGLE (Groundball, 56D, EV 104.4 MPH) Norm Silveira-Wray scores Ryan LeSueur to second
|
|
Batting: RHB Chris Arroyo
|
0-0: Ball 1-0: Called Strike 1-1: Foul Ball, location: 2F 1-2: Strikes out swinging
|
|
Batting: LHB Jim Weidman
|
0-0: Foul Ball, location: 2F 0-1: Foul Ball, location: 2F 0-2: Ball 1-2: Strikes out swinging
|
| Bottom of the 4th over - 1 run, 3 hits, 0 errors, 2 left on base; South Bend 3 - West Virginia 1 |
| TOP OF THE 5TH |
|
South Bend Cubs batting - Pitching for West Virginia Power : RHP Jerry Spitler
|
|
Batting: RHB Dan Orozco
|
0-0: Called Strike 0-1: Swinging Strike 0-2: Ball 1-2: Ground out 6-3 (Groundball, 6, EV 88.1 MPH)
|
|
Batting: RHB David Bousfield
|
0-0: Called Strike 0-1: Ground out 6-3 (Groundball, 6, EV 76.9 MPH)
|
|
Batting: RHB Erik Smith
|
0-0: Called Strike 0-1: Swinging Strike 0-2: DOUBLE (Line Drive, 9LS, EV 106.2 MPH)
|
|
Batting: RHB Mike Stein
|
0-0: Ball 1-0: SINGLE (Line Drive, 89S, EV 88.1 MPH) Erik Smith to third Runner from 3rd tries for Home, SAFE, throw by CF to home
|
|
Pitching: LHP Dustin Waller
|
|
|
Batting: RHB Josh Burns
|
0-0: Called Strike 0-1: Ball 1-1: Ball 2-1: Called Strike 2-2: Ball 3-2: Strikes out looking
|
| Top of the 5th over - 1 run, 2 hits, 0 errors, 1 left on base; South Bend 4 - West Virginia 1 |
| BOTTOM OF THE 5TH |
|
West Virginia Power batting - Pitching for South Bend Cubs : RHP Steve Vint
|
|
Pitching: LHP Mike Anderson
|
|
|
Batting: RHB Hidesuke Yoshida
|
0-0: Swinging Strike 0-1: Foul Ball, location: 2F 0-2: Ball 1-2: Foul Ball, location: 2F 1-2: Ball 2-2: Ball 3-2: Base on Balls
|
|
Batting: SHB Don Hauk
|
0-0: Ball 1-0: Called Strike 1-1: Foul Ball, location: 2F 1-2: Strikes out swinging
|
|
Batting: RHB Rusty Trader
|
0-0: Swinging Strike 0-1: Ball 1-1: Ball 2-1: Fly out, F8 (Flyball, 8LD, EV 98.1 MPH)
|
|
Batting: LHB Norm Silveira-Wray
|
0-0: Ball 1-0: Ground out 4-3 (Groundball, 4, EV 101.9 MPH)
|
| Bottom of the 5th over - 0 runs, 0 hits, 0 errors, 1 left on base; South Bend 4 - West Virginia 1 |
| TOP OF THE 6TH |
|
South Bend Cubs batting - Pitching for West Virginia Power : LHP Dustin Waller
|
|
Batting: RHB Dave de Wolff
|
0-0: Called Strike 0-1: Ball 1-1: Ball 2-1: Ball 3-1: Base on Balls
|
|
Batting: RHB Ryan Bush
|
0-0: Ball 1-0: Ball 2-0: Foul Ball, location: 2F 2-1: Ball 3-1: Called Strike 3-2: Strikes out swinging Dave de Wolff steals 2nd, throwing error, E2 Dave de Wolff to third
|
|
Batting: RHB Victor Ramirez
|
0-0: Ball 1-0: Ball 2-0: Ball 3-0: Base on Balls
|
|
Batting: RHB Gilberto Alvarado
|
0-0: Ball 1-0: Ball 2-0: Ball 3-0: Called Strike 3-1: Base on Balls Victor Ramirez to second
|
|
Pitching: RHP Hitoshi Yoshihara
|
|
|
Batting: RHB Dan Orozco
|
0-0: Called Strike 0-1: Ball 1-1: Fly out, F9 (Line Drive, 3D, EV 72.5 MPH)
|
|
Batting: RHB David Bousfield
|
0-0: Called Strike 0-1: Called Strike 0-2: Ball 1-2: Foul Ball, location: 2F 1-2: Ball 2-2: Strikes out swinging
|
| Top of the 6th over - 0 runs, 0 hits, 1 error, 3 left on base; South Bend 4 - West Virginia 1 |
| BOTTOM OF THE 6TH |
|
West Virginia Power batting - Pitching for South Bend Cubs : LHP Mike Anderson
|
|
Batting: SHB Rob Haney
|
0-0: DOUBLE (Line Drive, 89D, EV 105.0 MPH)
|
|
Pitching: RHP Melvin Orengo
|
|
|
Batting: RHB Ryan LeSueur
|
0-0: Ball 1-0: Ball 2-0: Foul Ball, location: 2F 2-1: Called Strike 2-2: Ball 3-2: Strikes out swinging
|
|
Batting: RHB Jaime Dubicki
|
0-0: Ball 1-0: Ball 2-0: DOUBLE (Flyball, 78D, EV 105.6 MPH) Rob Haney scores
|
|
Batting: RHB Chris Arroyo
|
0-0: Ball 1-0: Ball 2-0: Ball 3-0: Called Strike 3-1: Base on Balls
|
|
Pinch Runner at 2nd Melvin Durland:
|
|
|
Batting: LHB Jim Weidman
|
0-0: Called Strike 0-1: Fly out, F8 (Line Drive, 8RD, EV 101.9 MPH)
|
|
Batting: RHB Hidesuke Yoshida
|
0-0: Ball 1-0: Foul Ball, location: 2F 1-1: Ball 2-1: Ball 3-1: Base on Balls Melvin Durland to third Chris Arroyo to second
|
|
Pitching: RHP Angel Pesina
|
|
|
Batting: SHB Don Hauk
|
0-0: Ball 1-0: Foul Ball, location: 2F 1-1: Fielders Choice at 2nd, 6-4 (Groundball, 6, EV 101.9 MPH)
|
| Bottom of the 6th over - 1 run, 2 hits, 0 errors, 3 left on base; South Bend 4 - West Virginia 2 |
| TOP OF THE 7TH |
|
South Bend Cubs batting - Pitching for West Virginia Power : RHP Hitoshi Yoshihara
|
|
Now in LF: Melvin Durland
|
|
|
Batting: RHB Erik Smith
|
0-0: Ball 1-0: Ball 2-0: Ground out 6-3 (Groundball, 6, EV 102.5 MPH)
|
|
Batting: RHB Mike Stein
|
0-0: Foul Ball, location: 2F 0-1: Ball 1-1: Foul Ball, location: 2F 1-2: Strikes out swinging
|
|
Batting: RHB Josh Burns
|
0-0: Ball 1-0: Ball 2-0: Called Strike 2-1: Foul Ball, location: 2F 2-2: Fly out, F8 (Line Drive, 78D, EV 96.9 MPH)
|
| Top of the 7th over - 0 runs, 0 hits, 0 errors, 0 left on base; South Bend 4 - West Virginia 2 |
| BOTTOM OF THE 7TH |
|
West Virginia Power batting - Pitching for South Bend Cubs : RHP Angel Pesina
|
|
Batting: RHB Rusty Trader
|
0-0: Called Strike 0-1: DOUBLE (Line Drive, 8LXD, EV 105.0 MPH)
|
|
Batting: LHB Norm Silveira-Wray
|
0-0: Ball 1-0: Called Strike 1-1: Called Strike 1-2: Ball 2-2: Ball 3-2: Base on Balls
|
|
Batting: SHB Rob Haney
|
0-0: Called Strike 0-1: Foul Ball, location: 2F 0-2: Ball 1-2: Ball 2-2: Strikes out swinging
|
|
Batting: RHB Ryan LeSueur
|
0-0: Ball 1-0: Ball 2-0: Ball Wild Pitch! Rusty Trader to third Norm Silveira-Wray to second 3-0: Called Strike 3-1: Base on Balls
|
|
Pitching: LHP Dusty Blubaugh
|
|
|
Batting: RHB Melvin Durland
|
0-0: SINGLE (Groundball, 6M, EV 101.9 MPH) Rusty Trader scores Norm Silveira-Wray to third Ryan LeSueur to second Runner from 3rd tries for Home, SAFE, throw by CF to home
|
|
Batting: RHB Chris Arroyo
|
0-0: Ball 1-0: Ball 2-0: Ball 3-0: Base on Balls Ryan LeSueur to third Melvin Durland to second
|
|
Batting: LHB Jim Weidman
|
0-0: Ball 1-0: Ball 2-0: Ball 3-0: Called Strike 3-1: Base on Balls Ryan LeSueur scores Melvin Durland to third Chris Arroyo to second
|
|
Batting: RHB Hidesuke Yoshida
|
0-0: Called Strike 0-1: Foul Ball, location: 2F 0-2: Foul Ball, location: 2F 0-2: DOUBLE (Line Drive, 9LS, EV 110.6 MPH) Melvin Durland scores Chris Arroyo scores Jim Weidman to third
|
|
Batting: SHB Don Hauk
|
0-0: Fly out, F8 (Line Drive, 8RM, EV 100.0 MPH)
|
|
Batting: RHB Rusty Trader
|
0-0: Foul Ball, location: 2F 0-1: Ball 1-1: Called Strike 1-2: Foul Ball, location: 2F 1-2: Ball 2-2: Foul Ball, location: 2F 2-2: Ball 3-2: Foul Ball, location: 2F 3-2: SINGLE (Groundball, 4MD, EV 102.5 MPH) Jim Weidman scores Hidesuke Yoshida to third Runner from 3rd tries for Home, SAFE, throw by CF to home Rusty Trader to second
|
|
Pitching: RHP Andrew Dopp
|
|
|
Batting: LHB Norm Silveira-Wray
|
0-0: Ball 1-0: Ball 2-0: Ball 3-0: Called Strike 3-1: Called Strike 3-2: Base on Balls
|
|
Batting: SHB Rob Haney
|
0-0: Ball 1-0: Called Strike 1-1: TRIPLE (Flyball, 8LXD, EV 92.5 MPH) Rusty Trader scores Norm Silveira-Wray scores
|
|
Batting: RHB Ryan LeSueur
|
0-0: Ball 1-0: Called Strike 1-1: Ball 2-1: Foul Ball, location: 2F 2-2: Strikes out looking
|
| Bottom of the 7th over - 9 runs, 5 hits, 0 errors, 1 left on base; South Bend 4 - West Virginia 11 |
| TOP OF THE 8TH |
|
South Bend Cubs batting - Pitching for West Virginia Power : RHP Hitoshi Yoshihara
|
|
Batting: RHB Dave de Wolff
|
0-0: Called Strike 0-1: Called Strike 0-2: Ball 1-2: Foul Ball, location: 2F 1-2: Strikes out looking
|
|
Batting: RHB Ryan Bush
|
0-0: Ball 1-0: SINGLE (Groundball, 56D, EV 108.8 MPH)
|
|
Batting: RHB Victor Ramirez
|
0-0: Called Strike 0-1: Called Strike 0-2: Ball Wild Pitch! Ryan Bush to second 1-2: Ball 2-2: Ball 3-2: Base on Balls
|
|
Batting: RHB Gilberto Alvarado
|
0-0: Foul Ball, location: 2F 0-1: Reached on error, E4 (Groundball, 4, EV 108.1 MPH) Ryan Bush to third Victor Ramirez to second
|
|
Batting: RHB Dan Orozco
|
0-0: Called Strike 0-1: Ball 1-1: Foul Ball, location: 2F 1-2: Ball 2-2: Ball 3-2: Strikes out looking
|
|
Batting: RHB David Bousfield
|
0-0: Foul Ball, location: 2F 0-1: Swinging Strike 0-2: Ball Passed Ball! Ryan Bush scores Victor Ramirez to third Gilberto Alvarado to second 1-2: Ball 2-2: Ball 3-2: Strikes out looking
|
| Top of the 8th over - 1 run, 1 hit, 1 error, 2 left on base; South Bend 5 - West Virginia 11 |
| BOTTOM OF THE 8TH |
|
West Virginia Power batting - Pitching for South Bend Cubs : RHP Andrew Dopp
|
|
Batting: RHB Melvin Durland
|
0-0: Ball 1-0: DOUBLE (Line Drive, 78D, EV 104.4 MPH)
|
|
Batting: RHB Chris Arroyo
|
0-0: Ball 1-0: Called Strike 1-1: Swinging Strike 1-2: SINGLE (Groundball, 34D, EV 94.4 MPH) Melvin Durland to third Runner from 3rd tries for Home, throw by RF and OUT! 9-2
|
|
Batting: LHB Jim Weidman
|
0-0: Ball 1-0: Ball 2-0: Foul Ball, location: 2F 2-1: Ball 3-1: Base on Balls Chris Arroyo to second
|
|
Batting: RHB Hidesuke Yoshida
|
0-0: Ball 1-0: Ball 2-0: Ball 3-0: Base on Balls Chris Arroyo to third Jim Weidman to second
|
|
Batting: SHB Don Hauk
|
0-0: Ball 1-0: SINGLE (Groundball, 34D, EV 98.1 MPH) Chris Arroyo scores Jim Weidman to third Hidesuke Yoshida to second
|
|
Batting: RHB Rusty Trader
|
0-0: Swinging Strike 0-1: Swinging Strike 0-2: Ball 1-2: Hit by Pitch Jim Weidman scores Hidesuke Yoshida to third Don Hauk to second
|
|
Batting: LHB Norm Silveira-Wray
|
0-0: Called Strike 0-1: Ball 1-1: Ball 2-1: Foul Ball, location: 2F 2-2: Foul Ball, location: 2F 2-2: Ball 3-2: Base on Balls Hidesuke Yoshida scores Don Hauk to third Rusty Trader to second
|
|
Batting: SHB Rob Haney
|
0-0: Ball 1-0: Foul Ball, location: 2F 1-1: Ball 2-1: Ball 3-1: Base on Balls Don Hauk scores Rusty Trader to third Norm Silveira-Wray to second
|
|
Pitching: LHP Mike Hill
|
|
|
Batting: RHB Ryan LeSueur
|
0-0: Called Strike 0-1: Swinging Strike 0-2: Ball 1-2: Ball 2-2: SINGLE (Flyball, 9S, EV 85.6 MPH) Rusty Trader scores Norm Silveira-Wray to third Rob Haney to second Runner from 3rd tries for Home, SAFE, throw by RF to home
|
|
Batting: RHB Melvin Durland
|
0-0: Ball 1-0: Ball 2-0: Ball 3-0: Base on Balls Rob Haney to third Ryan LeSueur to second
|
|
Batting: RHB Chris Arroyo
|
0-0: Called Strike 0-1: Ball 1-1: Ball 2-1: TRIPLE (Flyball, 8LXD, EV 103.1 MPH) Rob Haney scores Ryan LeSueur scores Melvin Durland scores
|
|
Batting: LHB Jim Weidman
|
0-0: Called Strike 0-1: Called Strike 0-2: Ball 1-2: Ball 2-2: Foul Ball, location: 2F 2-2: SINGLE (Groundball, 34D, EV 101.2 MPH) Chris Arroyo scores
|
|
Batting: RHB Hidesuke Yoshida
|
0-0: Called Strike 0-1: Ball 1-1: Ball 2-1: Ball 3-1: Fly out, F9 (Line Drive, 9, EV 95.6 MPH)
|
|
Pitching: RHP Adrian Cox
|
|
|
Batting: SHB Don Hauk
|
0-0: Ball 1-0: Foul Ball, location: 2F 1-1: Ball 2-1: Foul Ball, location: 2F 2-2: Ball 3-2: Reached on error, E6 (Groundball, 6, EV 88.8 MPH) Jim Weidman to second
|
|
Batting: RHB Rusty Trader
|
0-0: Ball 1-0: Ball 2-0: Fielders Choice at 2nd, 6-4 (Groundball, 6, EV 84.4 MPH)
|
| Bottom of the 8th over - 10 runs, 6 hits, 1 error, 2 left on base; South Bend 5 - West Virginia 21 |
| TOP OF THE 9TH |
|
South Bend Cubs batting - Pitching for West Virginia Power : RHP Hitoshi Yoshihara
|
|
Batting: RHB Erik Smith
|
0-0: Ball 1-0: Ball 2-0: Called Strike 2-1: Ball 3-1: Ground out 5-3 (Groundball, 56, EV 83.8 MPH)
|
|
Pitching: RHP Eddie Aguirre
|
|
|
Batting: RHB Mike Stein
|
0-0: Ball 1-0: Ground out 6-3 (Groundball, 6, EV 97.5 MPH)
|
|
Batting: RHB Josh Burns
|
0-0: Ground out 6-3 (Groundball, 6, EV 88.8 MPH)
|
| Top of the 9th over - 0 runs, 0 hits, 0 errors, 0 left on base; South Bend 5 - West Virginia 21 |
|